 Dungeon Crawl Stone Soup version bcrawl-1.12.2 (webtiles) character file.

Game seed: 15683462054619711883

198 RedPan the Slasher (level 5, -3/32 HPs)
             Began as an Avariel Reaver on July 23, 2019.
             Was a Follower of Vehumet.
             Killed from afar by Sigmund (9 damage)
             ... with a puff of flame
             ... on level 3 of the Dungeon.
             The game lasted 00:06:14 (3239 turns).

RedPan the Slasher (Avariel Reaver)                 Turns: 3239, Time: 00:06:14

Health: -3/32      AC: 10    Str:  9    XL:     5   Next: 77%
Magic:  6/11       EV: 15    Int: 20    God:    Vehumet [*.....]
Gold:   137        SH:  5    Dex: 12    Spells: 9/10 levels left

rFire    . . .     SeeInvis .   a - +0 long sword
rCold    . . .     Gourm    .   p - +0 buckler
rNeg     . . .     Faith    .   b - +0 steam dragon scales
rPois    .         Spirit   .   s - +2 helmet
rElec    .         Reflect  .   j - +0 cloak
rCorr    +         Harm     .   (no gloves)
MR       .....                  v - +0 pair of boots
Stlth    +.........             (no amulet)
HPRegen  0.10/turn              k - ring of resist corrosion
MPRegen  0.12/turn              (no ring)

@: flying quickly and evasively, quick
A: no striking features
a: Renounce Religion


You were on level 3 of the Dungeon.
You worshipped Vehumet.
Vehumet was aware of your devotion.
You were not hungry.

You visited 1 branch of the dungeon, and saw 3 of its levels.

You collected 137 gold pieces.

Inventory:

Hand Weapons
 a - a +0 long sword (weapon)
Armour
 b - +0 steam dragon scales (worn)
 j - a +0 cloak (worn)
 p - a +0 buckler (worn)
 s - a +2 helmet (worn)
 v - a +0 pair of boots (worn)
 w - a scarf of cloud immunity
Jewellery
 k - a ring of resist corrosion (left hand)
Wands
 m - a wand of polymorph (8)
Scrolls
 d - a scroll of immolation
 h - a scroll of teleportation
 i - a scroll of amnesia
 n - a scroll of remove curse
 u - a scroll of identify
Potions
 c - a potion of haste
 e - a potion of lignification {unknown}
 l - 2 potions of flight
 o - a potion of curing
 q - a potion of magic {unknown}
 r - a potion of berserk rage {unknown}
 t - a potion of ambrosia {unknown}
Comestibles
 f - 3 rations {!d}
 g - a chunk of flesh


   Skills:
 - Level 3.0 Fighting
 + Level 4.9 Long Blades
 - Level 4.0 Dodging
 + Level 1.6 Shields
 - Level 3.0 Spellcasting
 + Level 2.9 Conjurations


You had 9 spell levels left.
You knew the following spells:

 Your Spells              Type           Power        Failure   Level  Hunger
a - Magic Dart            Conj           ##..         5%          1    None

Your spell library contained the following spells:

 Spells                   Type           Power        Failure   Level  Hunger
 Iskenderun's Battlesphe  Conj/Chrm      #.......     96%         5    ######.


Dungeon Overview and Level Annotations

Branches:
Dungeon (3/12)

Altars:
Fedhas
Kikubaaqudgha
Trog

Annotations:
D:3 Natasha, Sigmund


Message History

Aim: an adder The magic dart hits something.
Something hits you.
You hit something. Something hits you.
You slash something!
You hear some strange, mumbled words.
A puff of flame appears from out of thin air!
The puff of flame hits you!
You closely miss something.
You hear some strange, mumbled words.
A magic dart appears from out of thin air!
The magic dart hits you!
* * * LOW HITPOINT WARNING * * *
You hit something.
It was a potion of flight.
You feel very buoyant.
You swoop lightly up into the air.
You hear some strange, mumbled words.
A puff of flame appears from out of thin air!
The puff of flame hits you!
You die...

#. ##'# ! ##...#
#### .#
##.....###.. ..
#.......##.# .#.#
[........#.##....#
.........'S...>..#
.......!.#{##....
#.......##@# #
##.....###.#
##...# #........
##+# #####.###


You could see an adder.

Vanquished Creatures
  A hound (D:3)
  Natasha (D:3)
  A worker ant (D:2)
  4 adders (D:3)
  2 oozes
  A dart slug (D:3)
  5 leopard geckos
  An orc (D:3)
  2 bats
  A bat zombie (D:3)
  17 giant cockroaches
  6 goblins
  8 hobgoblins
  4 jackals
  3 kobolds
  A quokka (D:1)
  2 rats
  2 rat zombies (D:3)
62 creatures vanquished.

Notes
Turn   | Place    | Note
-------+----------+-------------------------------------------
     0 | D:1      | RedPan the Avariel Reaver began the quest for the Orb.
     0 | D:1      | Reached XP level 1. HP: 13/13 MP: 6/6
   166 | D:1      | Reached XP level 2. HP: 18/18 MP: 8/8
   470 | D:1      | Reached XP level 3. HP: 13/23 MP: 9/9
  1016 | D:1      | Reached * piety under Vehumet
  1016 | D:1      | Offered knowledge of Magic Dart by Vehumet.
  1036 | D:1      | Learned a level 1 spell: Magic Dart
  1560 | D:2      | Reached skill level 1 in Conjurations
  1604 | D:2      | Reached XP level 4. HP: 28/28 MP: 2/10
  2101 | D:2      | Found a blossoming altar of Fedhas.
  2311 | D:2      | Found a bloodstained altar of Trog.
  2421 | D:3      | Noticed Natasha
  2431 | D:3      | Killed Natasha
  2434 | D:3      | Reached skill level 1 in Shields
  2434 | D:3      | Reached XP level 5. HP: 18/32 MP: 4/11
  3102 | D:3      | Found an ancient bone altar of Kikubaaqudgha.
  3208 | D:3      | Noticed Natasha
  3219 | D:3      | Noticed Sigmund
  3239 | D:3      | Killed from afar by Sigmund

Skill      XL: |  1  2  3  4 |
---------------+-------------+-----
Spellcasting   | 3 |  3.0
Fighting       | 3 |  3.0
Long Blades    | 4 |  4.9
Conjurations   | 1 2 |  2.9
Dodging        | 4 |  4.0
Shields        | 1 |  1.6

Action                   |  1- 3 |  4- 6 || total
-------------------------+-------+-------++-------
Melee: Long sword        |   124 |    34 ||   158
       Dagger            |    25 |       ||    25
 Cast: Magic Dart        |    23 |    84 ||   107
  Use: Scroll            |       |     6 ||     6
       Potion            |       |     2 ||     2
 Stab: Sleeping          |     1 |       ||     1
  Eat: Chunk             |     2 |     2 ||     4
       Ration            |       |     1 ||     1
Armor: Steam dragon scal |    59 |    15 ||    74
Dodge: Dodged            |   175 |    28 ||   203
Block: Other             |     1 |       ||     1
       Buckler           |       |    11 ||    11
